 Dungeon Crawl Stone Soup version 0.30-a0-782-ge64f9170bb (webtiles) character file.

Game seed: 10240175911578883151

413 Leeroy the Carver (level 6, -1/44 HPs)
             Began as a Merfolk Gladiator on Feb 25, 2023.
             Slain by a sky beast (6 damage)
             ... on level 3 of the Dungeon.
             The game lasted 00:02:14 (2801 turns).

Leeroy the Carver (Merfolk Gladiator)               Turns: 2801, Time: 00:02:15

Health: -1/44      AC:  5    Str: 14    XL:     6   Next: 90%
Magic:  6/6        EV: 13    Int:  8    God:
Gold:   83         SH:  0    Dex: 17    Spells: 5/5 levels left

rFire   . . .      SeeInvis .    a - +0 long sword
rCold   . . .      Faith    +    (no shield)
rNeg    . . .      Spirit   .    b - +0 leather armour
rPois   .          Reflect  .    c - +0 helmet
rElec   .          Harm     .    (no cloak)
rCorr   .          Rampage  .    (no gloves)
Will    .....                    n - +0 pair of boots
Stlth   +                        m - amulet of faith
HPRegen 0.27/turn                (no ring)
MPRegen 0.10/turn                (no ring)

@: no status effects
A: (nimble swimmer 2), mertail
a: no special abilities


You were on level 3 of the Dungeon.
You visited 1 branch of the dungeon, and saw 3 of its levels.

You collected 83 gold pieces.

Inventory:

Hand Weapons
 a - a +0 long sword (weapon)
Missiles
 d - 2 throwing nets (quivered)
 e - a javelin
Armour
 b - a +0 leather armour (worn)
 c - a +0 helmet (worn)
 n - a +0 pair of boots (worn)
Jewellery
 m - an amulet of faith (around neck)
Wands
 x - a wand of light (9)
Scrolls
 f - 3 scrolls of identify {unknown}
 g - a scroll of enchant armour {unknown}
 i - a scroll of immolation {unknown}
 l - 3 scrolls of teleportation {unknown}
 p - 2 scrolls of amnesia {unknown}
 q - a scroll of summoning {unknown}
 r - a scroll of enchant weapon {unknown}
 s - 2 scrolls of fear {unknown}
 w - a scroll of acquirement {unknown}
Potions
 h - a potion of heal wounds {unknown}
 j - 3 potions of flight {unknown}
 k - a potion of lignification {unknown}
 o - 3 potions of curing {unknown}
 t - 3 potions of attraction {unknown}
 u - a potion of resistance {unknown}
 v - a potion of degeneration {unknown}
 z - a potion of cancellation {unknown}


   Skills:
 - Level 2.1 Fighting
 + Level 9.1 Long Blades
 - Level 2.0 Throwing
 - Level 4.0 Dodging


You had 5 spell levels left.
You didn't know any spells.
Your spell library contained the following spells:

 Spells                   Type           Power      Damage    Failure   Level
 Beastly Appendage        Tmut           0%         N/A       50%         1
 Kiss of Death            Conj/Necr      0%         2d5       50%         1
 Wereblood                Tmut           0%         N/A       63%         2
 Confusing Touch          Hex            0%         N/A       86%         3
 Spider Form              Tmut/Pois      0%         N/A       86%         3
 Dispel Undead            Necr           0%         3d6       99%         4


Dungeon Overview and Level Annotations

Branches:
Dungeon (3/15)

Altars:

Annotations:
D:2 1 runed translucent door, Crazy Yiuf
D:3 1 runed translucent door, Jessica


Innate Abilities, Weirdness & Mutations

((You are very nimble when in or above water. (Stealth+, EV+, Speed+++)))
Your lower body shifts to a powerful aquatic tail in water.


Message History

Really target yourself?
Okay, then.
Throw: 4 throwing nets
Press: ? - help, Q - select action, (/) - cycle Shift-Dir - straight line, f - you You throw a throwing net.
A sky beast appears from thin air!
Reactivating autopickup.
The sky beast closely misses you.
Throw: 3 throwing nets
Press: ? - help, Q - select action, (/) - cycle Shift-Dir - straight line, f - sky beast
Aim: a sky beast (rain, 51% to hit)
You throw a throwing net. The throwing net hits the sky beast.
The sky beast is caught in the net!
The sky beast struggles against the net.
You hit the sky beast but do no damage.
The sky beast struggles against the net.
You slash the sky beast!
The sky beast is moderately wounded.
The sky beast flickers out of sight!
Deactivating autopickup; reactivate with Ctrl-A.
Something wriggles in the net.
You hit something but do no damage.
Something wriggles in the net.
You hit something.
A sky beast appears from thin air!
Reactivating autopickup.
The sky beast struggles against the net.
You catch the helpless sky beast completely off-guard!
You hit the sky beast but do no damage.
The sky beast is moderately wounded.
The sky beast struggles against the net.
You hit the sky beast.
The sky beast is moderately wounded.
Jessica mumbles some strange words.
Jessica blinks!
The sky beast flickers out of sight!
Deactivating autopickup; reactivate with Ctrl-A.
Something wriggles in the net.
All of a sudden the net rips apart!
You hit something but do no damage. Something hits you but does no damage.
You hit something but do no damage. Something hits you.
* * * LOW HITPOINT WARNING * * *
Something shocks you.
You die...

# #.....# ######..#..#..(...#
####....## #.......##.#.#.##.#
....###.# ..$?....)#.#).....#
###.##..# #(.†..#.###....#
#.....# #...........# ###.....#
#...........# ........##
##~.......)..#
...#.....#..######.........##.#
...#.....##.....@{@#.......##.#
..###.##..###...)###..........#
......###...######............#
.########.....................#
## #............#...........##
# #.#.#...#.#..#.#.#######.# #
#.#.#<#.#....#.#.#######.# #
###.#.#.#.#...##........##.#
###...#.#.#.#.......##.##.#..#


You could see Jessica (fast).

Vanquished Creatures
  Grinder (D:3)
  The ghost of nidavellir the Shield-Bearer, an amateur HuFi (D:3)
  An iguana (D:3)
  A gnoll (D:1)
  2 adders
  A river rat (D:3)
  A worm (D:2)
  2 dart slugs
  3 orcs (D:3)
  A bat (D:1)
  7 endoplasms
  3 giant cockroaches
  6 goblins
  4 hobgoblins
  3 jackals (D:2)
  7 kobolds
  A quokka (D:2)
  5 ball pythons
  4 frilled lizards
  7 rats
61 creatures vanquished.

Notes
Turn   | Place    | Note
-------+----------+-------------------------------------------
     0 | D:1      | Leeroy the Merfolk Gladiator began the quest for the Orb.
     0 | D:1      | Reached XP level 1. HP: 16/16 MP: 1/1
   191 | D:1      | Reached skill level 4 in Long Blades
   256 | D:1      | Reached XP level 2. HP: 22/22 MP: 2/2
   697 | D:1      | Reached skill level 5 in Long Blades
   697 | D:1      | Reached XP level 3. HP: 9/27 MP: 3/3
  1176 | D:2      | Found a faded altar of an unknown god.
  1317 | D:2      | Found a runed translucent door.
  1318 | D:2      | Noticed Crazy Yiuf
  1624 | D:2      | Reached XP level 4. HP: 33/33 MP: 4/4
  1991 | D:3      | Reached skill level 6 in Long Blades
  2235 | D:3      | Noticed Grinder
  2243 | D:3      | Paralysed by Grinder for 3 turns
  2265 | D:3      | Killed Grinder
  2266 | D:3      | Reached skill level 8 in Long Blades
  2266 | D:3      | Reached XP level 5. HP: 13/38 MP: 5/5
  2266 | D:3      | Reached XP level 6. HP: 15/44 MP: 6/6
  2475 | D:3      | Found a runed translucent door.
  2477 | D:3      | Noticed nidavellir's ghost (amateur HuFi)
  2520 | D:3      | Found a runed translucent door.
  2553 | D:3      | Killed nidavellir's ghost
  2554 | D:3      | Reached skill level 9 in Long Blades
  2759 | D:3      | Noticed Jessica
  2759 | D:3      | Noticed a sky beast
  2801 | D:3      | Slain by a sky beast

Illustrated notes

Levels and vault maps discovered:
D:1:      dpeg_arrival_fog, layout_loops_ring, nrook_uturn,
          amcnicky_mini_rare_corridor_liquid, ebering_dispersal_statue_hall
D:2:      layout_basic, ebering_ecumenical_altar_box, uniq_crazy_yiuf_cottage
D:3:      layout_basic, nicolae_sif_muna_little_library, ebering_ghost_sewer_f,
          minmay_randomly_rotated_circles, uniq_grinder, uniq_jessica

Skill      XL: |  1  2  3  4  5  6 |
---------------+-------------------+-----
Long Blades    | 4 5 8 9 |  9.1
Fighting       | |  2.1
Throwing       | |  2.0
Dodging        | |  4.0

Action                     |  1- 3 |  4- 6 || total
---------------------------+-------+-------++-------
  Melee: Long sword        |   123 |   103 ||   226
         Punch             |     2 |     2 ||     4
         Tailslap          |       |     3 ||     3
  Throw: Throwing net      |       |     2 ||     2
   Stab: Sleeping          |     1 |     1 ||     2
         Held in net/web   |       |     1 ||     1
 Armour: Leather armour    |    52 |    17 ||    69
  Dodge: Dodged            |   109 |    72 ||   181

Table legend: (Time is in decaauts)
 A = Elapsed time spent in this place.
 B = Non-inter-level travel time spent in this place.
 C = Inter-level travel time spent in this place.
 D = Time resting spent in this place.
 E = Time spent auto-exploring this place.
 F = Levels seen in this place.
 G = Mean time per level.
                   A        B        C        D        E       F      G
               +--------+--------+--------+--------+--------+-----+--------+
         Total |   2815 |   2731 |     84 |      0 |   2267 |   3 |  938.3 |
       Dungeon |   2815 |   2731 |     84 |      0 |   2267 |   3 |  938.3 |
               +--------+--------+--------+--------+--------+-----+--------+

Top non-repeatable levels by time:
     D:2: 1069 daAuts
     D:1: 926 daAuts
     D:3: 819 daAuts
